 Dungeon Crawl Stone Soup version 0.31-a0-237-g2d982f9f85 (webtiles) character file.

Game seed: 2460467171936813932

244 qw the Shooter (level 5, -3/45 HPs)
             Began as a Minotaur Hexslinger on July 11, 2023.
             Slain by an orc
             ... wielding a +0 flail
              (5 damage)
             ... on level 5 of the Dungeon.
             The game lasted 00:00:53 (2547 turns).

qw the Shooter (Minotaur Hexslinger)                Turns: 2547, Time: 00:00:53

Health: -3/45      AC:  5    Str: 13    XL:     5   Next: 83%
Magic:  5/5        EV: 11    Int: 10    God:
Gold:   177        SH:  0    Dex: 14    Spells: 5/6 levels left

rFire   . . .        Y - +3 sling
rCold   . . .        (no shield)
rNeg    . . .        e - +0 ring mail
rPois   .            (helmet restricted)
rElec   .            (no cloak)
rCorr   .            (no gloves)
SInv    .            (no boots)
Will    .....        (no amulet)
Stlth   +            (no ring)
HPRegen 0.27/turn    (no ring)
MPRegen 0.09/turn

%: no passive effects
@: hasted (expiring), very quick
A: horns 2, retaliatory headbutt
a: no special abilities


You were on level 5 of the Dungeon.
You visited 1 branch of the dungeon, and saw 5 of its levels.

You collected 177 gold pieces.


Innate Abilities, Weirdness & Mutations

You have a pair of horns on your head.
You reflexively headbutt those who attack you in melee.


   Skills:
 - Level 3.2 Fighting
 + Level 5.9 Ranged Weapons
 - Level 1.4 Armour
 - Level 2.1 Dodging
 - Level 1.0 Spellcasting
 - Level 2.0 Hexes


You had 5 spell levels left.
You knew the following spells:

 Your Spells              Type           Power      Damage    Failure   Level
a - Slow                  Hex            16%        N/A       32%         1

Your spell library contained the following spells:

 Spells                   Type           Power      Damage    Failure   Level
 Inner Flame              Hex/Fire       2%         N/A       82%         3
 Portal Projectile        Hex/Tloc       4%         N/A       82%         3
 Cause Fear               Hex            2%         N/A       97%         4

Inventory:

Hand Weapons
 Y - a +3 sling (weapon)
Armour
 b - the +0 ring mail "Kukumysu" {rF- Will+ Str+2}
   (You found it on level 4 of the Dungeon)

   Str:       It affects your strength (+2).
   rF:        It makes you vulnerable to fire.
   Will:      It increases your willpower.
 e - a +0 ring mail (worn)
Scrolls
 f - 2 scrolls of identify
Potions
 a - a potion of haste
 d - 3 potions of curing

Dungeon Overview and Level Annotations

Branches:
Dungeon (5/15)
 Temple: D:4-7

Altars:
Ashenzari
Fedhas
Xom


Message History

You shoot a sling bullet.
The sling bullet barely misses the white imp.
The sling bullet hits the orc!
You kill the orc!
The white imp hits you but does no damage.
The hound closely misses you.
You shoot a sling bullet. The sling bullet hits the white imp.
You kill the white imp!
The hound bites you but does no damage.
You shoot a sling bullet.
The sling bullet closely misses the hound.
The hound closely misses you. You furiously retaliate!
You headbutt the hound! The orc wizard casts a spell at you.
The magic dart hits you.
You shoot a sling bullet. The sling bullet hits the hound!
The hound is almost dead.
The hound bites you.
You shoot a sling bullet. The sling bullet hits the hound!
You kill the hound!
The orc hits you with a +0 flail!
You shoot a sling bullet. The sling bullet hits the orc wizard.
The orc wizard is lightly wounded.
The orc closely misses you.
The orc wizard hits you but does no damage.
You shoot a sling bullet. The sling bullet hits the orc wizard.
The orc wizard is moderately wounded.
The orc wizard points at you and mumbles some strange words.
The puff of flame hits you. The orc hits you with a +0 flail!
You shoot a sling bullet.
The sling bullet barely misses the orc wizard.
Your extra speed is starting to run out.
You shoot a sling bullet.
The sling bullet closely misses the orc wizard.
The orc barely misses you. You furiously retaliate!
You headbutt the orc.
The orc wizard gestures at you while chanting.
The puff of flame hits you.
You shoot a sling bullet.
The sling bullet closely misses the orc.
The orc hits you with a +0 flail.
You die...

#.. ...
##.# ...
..## #..
#.# #<#
#@#
#...oo#
+.....#
#.).#..
.......#
..#.!.###
+ #.. ...


You could see an orc wizard and an orc.

Vanquished Creatures
  A scorpion (D:4)
  A hound (D:5)
  A jelly (D:4)
  3 adders
  3 gnolls (D:4)
  A white imp (D:5)
  A worm (D:4)
  2 dart slugs (D:4)
  An orc (D:5)
  5 ball pythons
  7 endoplasms
  5 giant cockroaches
  5 goblins
  3 hobgoblins
  3 quokkas
  3 bats
  2 frilled lizards
  6 kobolds
  6 rats
59 creatures vanquished.

Notes
Turn   | Place    | Note
-------+----------+-------------------------------------------
     0 | D:1      | qw the Minotaur Hexslinger began the quest for the Orb.
     0 | D:1      | Reached XP level 1. HP: 16/16 MP: 1/1
     0 | D:1      | 0 ||| qw: Version: 0.3-a-52-g30416fa
     0 | D:1      | 0 ||| qw: Game counter: 5879
     0 | D:1      | 0 ||| qw: Melee chars always use a shield: true
     0 | D:1      | 0 ||| qw: God list: Okawaru
     0 | D:1      | 0 ||| qw: Allow faded altars: false
     0 | D:1      | 0 ||| qw: Do Orc after clearing Dungeon:15 true
     0 | D:1      | 0 ||| qw: Do second Lair branch before Depths: true
     0 | D:1      | 0 ||| qw: Lair rune preference: random
     0 | D:1      | 0 ||| qw: Goals: Normal
     0 | D:1      | 0 ||| PLANNING D:1-11
   155 | D:1      | Reached skill level 3 in Ranged Weapons
   155 | D:1      | Reached XP level 2. HP: 23/23 MP: 2/2
   458 | D:1      | 458 ||| DROPPING +6 ring of intelligence.
   459 | D:1      | 459 ||| READING scroll labelled KOAVUQ JOYGRUI.
   460 | D:1      | 460 ||| READING scroll labelled VUREEDW KUPIET.
   461 | D:1      | 461 ||| READING scroll labelled GAMOGYABOR.
   462 | D:1      | 462 ||| DRINKING 2 black potions.
   463 | D:1      | 463 ||| DROPPING scroll of poison.
   646 | D:2      | Found a blossoming altar of Fedhas.
   803 | D:2      | 803 ||| READING scroll of enchant weapon.
   803 | D:2      | 803 ||| ENCHANTING +2 sling.
  1095 | D:2      | 1095 ||| UPGRADING to +0 leather armour.
  1105 | D:2      | 1105 ||| DROPPING +0 robe.
  1106 | D:2      | 1106 ||| UPGRADING to +0 ring mail.
  1116 | D:2      | 1116 ||| DROPPING +0 leather armour.
  1117 | D:2      | 1117 ||| READING 2 scrolls labelled IHOL FOUTYSHIZ.
  1118 | D:2      | 1118 ||| READING 3 scrolls labelled JOBATE LYUTAU.
  1119 | D:2      | 1119 ||| DROPPING scroll of summoning.
  1126 | D:3      | Found a broken altar of Ashenzari.
  1136 | D:3      | Reached XP level 3. HP: 28/29 MP: 3/3
  1534 | D:3      | Found a faded altar of an unknown god.
  1588 | D:3      | Reached skill level 4 in Ranged Weapons
  1751 | D:3      | 1751 ||| READING scroll labelled FAPOBL PEISUC.
  1752 | D:3      | 1752 ||| READING 2 scrolls of identify.
  1752 | D:3      | 1752 ||| IDENTIFYING fuming clear potion
  1753 | D:3      | 1753 ||| DROPPING potion of degeneration.
  1815 | D:4      | Reached skill level 1 in Armour
  1819 | D:4      | Reached XP level 4. HP: 36/36 MP: 4/4
  1948 | D:4      | Identified the +0 ring mail "Kukumysu" {rF- Will+ Str+2}
  1982 | D:4      | Noticed a scorpion
  1986 | D:4      | Killed a scorpion
  1987 | D:4      | Reached skill level 5 in Ranged Weapons
  1987 | D:4      | Reached XP level 5. HP: 30/41 MP: 5/5
  2152 | D:4      | Found a shimmering altar of Xom.
  2389 | D:4      | Reached skill level 3 in Fighting
  2506 | D:4      | 2506 ||| READING scroll labelled ATOTHIL YWOLI.
  2507 | D:4      | 2507 ||| DRINKING 2 fuming dark potions.
  2531 | D:5      | Entered Level 5 of the Dungeon
  2544 | D:5      | HP: 6/45 [orc/+0 flail (7)]
  2546 | D:5      | HP: 2/45 [orc wizard/puff of flame (4)]
  2547 | D:5      | Slain by an orc

Levels and vault maps discovered:
D:1:      lemuel_arrival_cross, layout_basic
D:2:      layout_loops_cross, basic_altar
D:3:      layout_loops_cross, mainiacjoe_overflow_concentric_impassable,
          shapermc_ecumenical_altar_pompeii, serial_bayou_ford_a,
          hangedman_decor_diamond_cutter, kennysheep_generic_room_3
D:4:      layout_loops_ring, kennysheep_mini, serial_forest,
          infiniplex_forest_clump_small, infiniplex_forest_clump_curved,
          infiniplex_forest_lined_2, infiniplex_forest_clump_curved
D:5:      layout_basic, makhleb_altar_promises_db,
          chequers_serial_rivers_micro_b

Skill      XL: |  1  2  3  4  5 |
---------------+----------------+-----
Ranged Weapons | 3 4 5 |  5.9
Fighting       | 2 3 |  3.2
Armour         | 1 |  1.4
Dodging        | |  2.1
Spellcasting   | |  1.0
Hexes          | |  2.0

Action                     |  1- 3 |  4- 6 || total
---------------------------+-------+-------++-------
   Fire: Sling             |    79 |    70 ||   149
    Use: Scroll            |     8 |     1 ||     9
         Potion            |     1 |     1 ||     2
 Armour: Robe              |     6 |       ||     6
         Ring mail         |     6 |    10 ||    16
  Dodge: Dodged            |    19 |    17 ||    36

Table legend:
 A = Non-vault XP
 B = Vault XP
 C = Vault XP percentage of total XP
 D = Non-vault monster count
 E = Vault monster count
 F = Vault count percentage of total count
                 A         B        C        D         E       F
            +---------+---------+-------+---------+---------+-------
      Total |     346 |       3 |   0.9 |      57 |       2 |   3.4
            +---------+---------+-------+---------+---------+-------
        D:1 |      25 |       0 |   0.0 |      16 |       0 |   0.0
        D:2 |      11 |       0 |   0.0 |       6 |       0 |   0.0
        D:3 |      29 |       3 |   9.4 |      11 |       2 |  15.4
        D:4 |     225 |       0 |   0.0 |      21 |       0 |   0.0
        D:5 |      56 |       0 |   0.0 |       3 |       0 |   0.0
            +---------+---------+-------+---------+---------+-------
